 Dungeon Crawl Stone Soup version 0.28.0-49-g6dfe1f597d (webtiles) character file.

Game seed: 15601581926568363895

4209 Atelerd the Digger (level 10, -7/60 HPs)
             Began as an Octopode Earth Elementalist on May 12, 2022.
             Was an Initiate of Sif Muna.
             Killed from afar by Erica (23 damage)
             ... with a lance of force
             ... on level 8 of the Dungeon.
             The game lasted 00:13:23 (9605 turns).

Atelerd the Digger (Octopode Earth Elementalist)    Turns: 9605, Time: 00:13:23

Health: -7/60      AC:  1    Str: 13    XL:     10   Next: 29%
Magic:  3/21       EV: 19    Int: 22    God:    Sif Muna [......]
Gold:   370        SH:  0    Dex: 17    Spells: 16/24 levels left

rFire   . . .      SeeInvis .   G - +4 dagger "Kuguah" {vorpal, rElec Dex+4}
rCold   . . .      Faith    .   (no shield)
rNeg    + . .      Spirit   .   (helmet restricted)
rPois   .          Reflect  .   (no amulet)
rElec   +          Harm     .   l - +4 ring of evasion
rCorr   .          Rampage  .   t - +6 ring of strength
Will    .....                   v - ring of positive energy
Stlth   +++++.....              (no ring)
HPRegen 0.20/turn               (no ring)
MPRegen 0.17/turn               (no ring)
                                (no ring)
                                (no ring)

@: slowed, very slow
A: almost no armour, amphibious, 8 rings, camouflage 1, gelatinous body 1,
(nimble swimmer 1), tentacles
a: Renounce Religion


You were on level 8 of the Dungeon.
You worshipped Sif Muna.
Sif Muna was noncommittal.
You visited 2 branches of the dungeon, and saw 9 of its levels.
You also visited: Ossuary.

You collected 370 gold pieces.

Inventory:

Hand Weapons
 a - a +2 dagger of speed
 f - a +3 dagger of venom
 G - the +4 dagger "Kuguah" (weapon) {vorpal, rElec Dex+4}
   (You took it off a kobold on level 6 of the Dungeon)

   It inflicts extra damage upon your enemies.
   Dex:       It affects your dexterity (+4).
   rElec:     It insulates you from electricity.
Missiles
 b - 67 stones
 s - 2 throwing nets
Armour
 C - an orb of light
Jewellery
 l - a +4 ring of evasion (left tentacle)
 t - a +6 ring of strength (right tentacle)
 v - a ring of positive energy (on tentacle)
 B - a ring of flight
Wands
 e - a wand of mindburst (10)
 g - a wand of acid (3)
 z - a wand of digging (4)
 J - a wand of iceblast (8)
Scrolls
 c - 4 scrolls of fear
 h - 2 scrolls of immolation
 j - 2 scrolls of teleportation
 m - a scroll of enchant armour
 w - 6 scrolls of identify
 x - a scroll of noise {unknown}
 y - 2 scrolls of fog {unknown}
 D - 2 scrolls of amnesia {unknown}
 E - a scroll of summoning {unknown}
 F - a scroll of vulnerability {unknown}
 H - 3 scrolls of torment {unknown}
 I - a scroll of blinking {unknown}
Potions
 d - 5 potions of mutation {unknown}
 i - 2 potions of might
 k - 6 potions of curing
 n - a potion of flight {unknown}
 o - 2 potions of degeneration {unknown}
 p - 2 potions of haste {unknown}
 q - 2 potions of berserk rage {unknown}
 r - 3 potions of heal wounds
 u - a potion of brilliance {unknown}
 A - a potion of resistance {unknown}


   Skills:
 - Level 2.0 Fighting
 - Level 3.2 Short Blades
 + Level 4.6 Dodging
 - Level 7.0 Stealth
 + Level 7.7 Spellcasting
 - Level 5.0 Transmutations
 + Level 7.9 Earth Magic
 - Level 2.0 Poison Magic
 + Level 3.1 Invocations


You had 16 spell levels left.
You knew the following spells:

 Your Spells              Type           Power      Damage    Failure   Level
a - Sandblast             Erth           86%        2d18      1%          1
f - Ignite Poison         Fire/Tmut/Pois 18%        N/A       9%          3
p - Petrify               Tmut/Erth      37%        N/A       5%          4

Your spell library contained the following spells:

 Spells                   Type           Power      Damage    Failure   Level
 Passwall                 Tmut/Erth      30%        N/A       1%          2
 Wereblood                Tmut           30%        N/A       1%          2
 Stone Arrow              Conj/Erth      52%        3d10      4%          3
 Sublimation of Blood     Necr           8%         N/A       12%         2
 Conjure Flame            Conj/Fire      8%         6-21      22%         3
 Gell's Gravitas          Tloc           8%         N/A       22%         3
 Lesser Beckoning         Tloc           8%         N/A       22%         3
 Teleport Other           Tloc           8%         N/A       22%         3
 Cause Fear               Hex            4%         N/A       58%         4
 Sticky Flame             Conj/Fire      8%         2d3       58%         4
 Dragon Form              Tmut           15%        N/A       100%        7
 Summon Hydra             Summ           4%         N/A       100%        7
 Dragon's Call            Summ           4%         N/A       100%        9


Dungeon Overview and Level Annotations

Branches:
Dungeon (8/15)             Temple (1/1) D:7         Ossuary (visited)
   Lair: D:8-11

Altars:
Dithmenos
Elyvilon
Qazlal
Sif Muna
Xom
Zin
The Shining One

Annotations:
D:5 exclusion: downstairs
D:8 Erica


Innate Abilities, Weirdness & Mutations

You cannot wear most types of armour.
You are amphibious.
You can wear up to eight rings at the same time.
Your skin changes colour to match your surroundings (Stealth+).
Your rubbery body absorbs attacks. (AC +1, EV +1)
((You are camouflaged when in or above water. (Stealth+)))
You have tentacles for arms and can constrict up to eight enemies at once.


Message History

Casting: Petrify (dangerous; 5% risk of failure)
Confirm with . or Enter, or press ? or * to list all spells.
Aiming: Petrify (dangerous; 5% risk of failure)
Press: ? - help, Shift-Dir - straight line, f/p - Erica
Aim: Erica, wielding a +2 scimitar of flaming and wearing a +0 robe (chance to affect: 29%) Erica easily resists.
Erica hits you with a +2 scimitar of flaming.
Erica burns you. Erica completely misses you.
Casting: Petrify (dangerous; 5% risk of failure)
Confirm with . or Enter, or press ? or * to list all spells.
Aiming: Petrify (dangerous; 5% risk of failure)
Press: ? - help, Shift-Dir - straight line, f/p - Erica
Aim: Erica, wielding a +2 scimitar of flaming and wearing a +0 robe (chance to affect: 29%) Erica easily resists.
Erica closely misses you.
Unknown command.
Casting: Petrify (dangerous; 5% risk of failure)
Confirm with . or Enter, or press ? or * to list all spells.
You don't have enough magic to cast this spell.
Unknown command.
You completely miss Erica. You grab Erica. You constrict Erica.
Erica hits you with a +2 scimitar of flaming!
Erica burns you.
Erica splashes around in the water.
Unknown command.
You hit Erica. You squeeze Erica.
Erica is moderately wounded.
You constrict Erica, but do no damage.
Erica hits you with a +2 scimitar of flaming.
Erica burns you.
Unknown command.
You hit Erica. You squeeze Erica.
Erica is moderately wounded.
You constrict Erica, but do no damage.
Erica hits you with a +2 scimitar of flaming!!
Erica burns you.
* * * LOW HITPOINT WARNING * * *
Unknown command.
You release your grip on Erica.
Erica gestures at you while chanting. The lance of force hits you!!
You die...

# #........ # .... #......# #
..... #......# ....####......##
## ♣♣♣ ..............####P
♣♣♣.♣♣♣ ♣♣###.# ###........#...
♣.....♣♣ ♣♣.....## #..##P.......
.......♣♣♣.......## #..##P.....♣.
..≈≈≈...♣...≈≈≈.@.# #........#P#P
.≈≈≈≈≈.....≈≈≈≈≈..###...)...####[
.≈≈_≈≈.....≈≈♣@≈...##......## ##
.≈≈≈≈≈.....≈≈≈≈≈...........#
..≈≈≈...♣...≈≈≈...###......#
.......♣♣♣.......## #........
♣.....♣♣ ♣♣.....## #########
♣♣♣.♣♣♣ ♣♣.##.# ♣♣♣ #.##.#


You could see Erica.

Vanquished Creatures
  A hydra (D:8)
  A troll (D:8)
  A hornet (D:8)
  Sigmund (D:2)
  A steam dragon (D:8)
  3 water moccasins
  2 ice beasts
  A sky beast (D:6)
  A black bear (D:5)
  2 ogres
  A necrophage (D:6)
  A centaur (D:6)
  A phantom (D:6)
  A kobold brigand (D:6)
  A wyvern zombie (D:8)
  A bullfrog (D:7)
  A gnoll sergeant (D:6)
  4 water moccasin zombies
  5 scorpions
  3 howler monkeys (D:8)
  3 centaur zombies
  Crazy Yiuf (D:7)
  3 orc priests
  A centaur skeleton (D:6)
  2 hounds (D:5)
  A jelly (D:6)
  5 iguanas
  Terence (D:3)
  Natasha (D:3)
  3 orc wizards
  2 killer bee zombies
  2 mummies (Ossuary)
  7 gnolls (D:6)
  7 adders
  A white imp (D:5)
  An ufetubus (D:6)
  3 adder zombies (Ossuary)
  2 worms (D:2)
  11 dart slugs
  24 orcs
  8 ball pythons
  5 endoplasms
  2 gnoll zombies (Ossuary)
  7 goblins
  8 hobgoblins
  4 jackals (D:1)
  12 kobolds
  4 quokkas
  6 bats
  6 frilled lizards
  4 hobgoblin zombies (Ossuary)
  5 kobold zombies (Ossuary)
  5 orc zombies (Ossuary)
  10 rats
200 creatures vanquished.

Vanquished Creatures (others)
  4 plants (D:8)
4 creatures vanquished.

Grand Total: 204 creatures vanquished

Notes
Turn   | Place    | Note
-------+----------+-------------------------------------------
     0 | D:1      | Atelerd the Octopode Earth Elementalist began the quest for
                  | the Orb.
     0 | D:1      | Reached XP level 1. HP: 11/11 MP: 3/3
   254 | D:1      | Reached XP level 2. HP: 17/17 MP: 5/5
   534 | D:1      | Reached XP level 3. HP: 21/21 MP: 6/6
  1168 | D:2      | Reached skill level 1 in Short Blades
  1168 | D:2      | Reached XP level 4. HP: 8/27 MP: 3/8
  1605 | D:2      | Noticed Sigmund
  1625 | D:2      | Killed Sigmund
  1626 | D:2      | Reached skill level 1 in Fighting
  1626 | D:2      | Reached XP level 5. HP: 10/33 MP: 5/10
  1626 | D:2      | Reached XP level 6. HP: 12/38 MP: 5/11
  1842 | D:2      | Found a shadowy altar of Dithmenos.
  1960 | D:2      | Found a faded altar of an unknown god.
  2432 | D:3      | Reached skill level 5 in Earth Magic
  2655 | D:3      | Noticed an ice beast
  2705 | D:3      | Killed an ice beast
  3120 | D:3      | Noticed Terence
  3127 | D:3      | Learned a level 4 spell: Petrify
  3170 | D:3      | Killed Terence
  3525 | D:3      | Reached XP level 7. HP: 43/43 MP: 13/13
  4042 | D:3      | Noticed Natasha
  4044 | D:3      | Killed Natasha
  4421 | D:4      | Reached skill level 5 in Spellcasting
  4588 | D:4      | Found a sand-covered staircase.
  4594 | Ossuary  | Entered an ossuary
  5338 | D:4      | Reached XP level 8. HP: 40/50 MP: 13/15
  5736 | D:5      | Entered Level 5 of the Dungeon
  6054 | D:5      | Reached skill level 5 in Stealth
  6845 | D:6      | Reached XP level 9. HP: 54/54 MP: 13/17
  6889 | D:6      | Identified the +1 scale mail of the Grand Hot Ocelot {Will+
                  | Int+2}
  7039 | D:6      | Identified the +4 dagger "Kuguah" {vorpal, rElec Dex+4}
  7039 | D:6      | Identified the +4 plate armour "Zyatathaki" {Rampage +Inv
                  | Int-5}
  7299 | D:6      | Learned a level 3 spell: Ignite Poison
  8373 | D:7      | Found a runed translucent door.
  8374 | D:7      | Noticed Crazy Yiuf
  8417 | D:7      | Found a staircase to the Ecumenical Temple.
  8427 | Temple   | Entered the Ecumenical Temple
  8450 | Temple   | Became a worshipper of Sif Muna the Loreminder
  8536 | D:7      | Reached skill level 1 in Poison Magic
  9129 | D:7      | Killed Crazy Yiuf
  9212 | D:8      | Noticed a troll
  9220 | D:8      | Noticed a six-headed hydra
  9225 | D:8      | Killed a troll
  9226 | D:8      | Reached skill level 1 in Invocations
  9234 | D:8      | Killed a six-headed hydra
  9235 | D:8      | Reached skill level 5 in Transmutations
  9235 | D:8      | Reached XP level 10. HP: 46/60 MP: 12/21
  9304 | D:8      | Found the +1 robe of Vines {NoPotionHeal Regen++++}
  9343 | D:8      | Found a white marble altar of Elyvilon.
  9545 | D:8      | Noticed Erica
  9605 | D:8      | Killed from afar by Erica

Illustrated notes

Levels and vault maps discovered:
D:1:      dpeg_arrival_tiny_i, layout_basic, st_stairs_2
D:2:      layout_rooms, dilly_ecumenical_altar_fadedgnrine, basic_altar,
          uniq_sigmund
D:3:      layout_basic, uniq_terence, uniq_natasha
D:4:      kennysheep_slugbush, layout_basic, nicolae_ossuary_entry_plus
D:5:      layout_loops_ring, st_stairs_6, hex_tiny
D:6:      layout_basic, hangedman_decor_push, grunt_ministairs_11,
          minmay_misc_feat_nine_boxes, minmay_between
D:7:      layout_loops_ring, minmay_temple_entry_statues_fountains,
          uniq_crazy_yiuf_cottage
D:8:      layout_basic, elyvilon_altar_3, serial_shops, shop,
          hellmonk_guarded_unrand_vines, uniq_erica
Temple:   nicolae_temple_the_god_donut

Skill      XL: |  1  2  3  4  5  6  7  8  9 10 |
---------------+-------------------------------+-----
Earth Magic    | 4 5 7 |  7.9
Short Blades   | 1 2 3 |  3.2
Fighting       | 1 2 |  2.0
Spellcasting   | 3 4 5 7 |  7.7
Stealth        | 3 5 7 |  7.0
Transmutations | 2 4 5 |  5.0
Dodging        | 3 4 |  4.6
Poison Magic   | 2 |  2.0
Invocations    | 2 3 |  3.1

Action                   |  1- 3 |  4- 6 |  7- 9 | 10-12 || total
-------------------------+-------+-------+-------+-------++-------
Melee: Unarmed           |     4 |       |       |       ||     4
       Dagger            |    52 |    55 |   144 |    27 ||   278
       Constrict         |    12 |    13 |    43 |     4 ||    72
       Tentacles         |     8 |     9 |    39 |    10 ||    66
       Punch             |     2 |       |     5 |       ||     7
 Cast: Sandblast         |    17 |    18 |   125 |       ||   160
       Petrify           |       |     2 |    20 |    14 ||    36
  Use: Potion            |       |     1 |       |     1 ||     2
       Scroll            |       |       |     5 |       ||     5
 Stab: Sleeping          |     8 |     8 |    15 |       ||    31
       Petrified         |       |     3 |    18 |     6 ||    27
       Petrifying        |       |       |     1 |     3 ||     4
       Distracted        |       |       |     1 |       ||     1
Armor: Skin              |     4 |     1 |     5 |     1 ||    11
Dodge: Dodged            |    39 |    38 |   143 |    21 ||   241
